 Seeded DCSS version 0.29.1-12-g30fa7ad0bf (webtiles) character file.

Game seed: 7827810942158885341 (custom seed)

266 hikkokomori the Shield-Bearer (level 6, 49/49 HPs)
             Began as a Formicid Fighter on Jan 11, 2023.
             Quit the game on level 3 of the Dungeon.
             The game lasted 00:02:54 (3516 turns).

hikkokomori the Shield-Bearer (Formicid Fighter)    Turns: 3516, Time: 00:02:55

Health: 49/49      AC:  7    Str: 23    XL:     6   Next: 44%
Magic:  6/6        EV:  9    Int:  7    God:
Gold:   153        SH:  5    Dex: 13    Spells: 5/5 levels left

rFire   . . .      SeeInvis +   a - +1 war axe (protect)
rCold   . . .      Faith    .   c - +0 buckler
rNeg    . . .      Spirit   .   b - +0 scale mail
rPois   .          Reflect  .   (helmet unavailable)
rElec   .          Harm     .   (no cloak)
rCorr   .          Rampage  .   (no gloves)
Will    .....                   (no boots)
Stlth   ..........              (no amulet)
HPRegen 0.16/turn               (no ring)
MPRegen 0.10/turn               (no ring)

@: no status effects
A: permanent stasis, dig shafts and tunnels, antennae 3, four strong arms
a: Dig, Shaft Self


You were on level 3 of the Dungeon.
You visited 1 branch of the dungeon, and saw 3 of its levels.

You collected 153 gold pieces.

Inventory:

Hand Weapons
 a - a +1 war axe of protection (weapon)
Missiles
 n - a throwing net
Armour
 b - a +0 scale mail (worn)
 c - a +0 buckler (worn)
Jewellery
 p - a ring of flight
Scrolls
 h - a scroll of vulnerability
 j - a scroll of brand weapon
 l - a scroll of enchant weapon
 o - 3 scrolls of teleportation
Potions
 d - 2 potions of might
 g - 3 potions of heal wounds
 i - a potion of resistance
 k - a potion of mutation {unknown}
 m - 3 potions of curing


   Skills:
 + Level 4.6 Fighting
 + Level 3.5 Axes
 + Level 4.7 Armour
 + Level 5.5 Shields


You had 5 spell levels left.
You didn't know any spells.
Your spell library was empty.

Dungeon Overview and Level Annotations

Branches:
Dungeon (3/15)

Altars:

Shops:
D:1 (


Innate Abilities, Weirdness & Mutations

You cannot be hasted, slowed, berserked, paralysed or teleported.
You can dig through walls and to a lower floor.
You have a pair of large antennae on your head. (SInv)
Your four strong arms can wield two-handed weapons with a shield.


Message History

Things that are here:
a +0 hand axe; a +0 leather armour; a +0 club You see here a +0 leather armour.
No reachable target in view!
Could not explore, unopened runed door.
No reachable target in view!
Could not explore, unopened runed door.
No reachable target in view!
Could not explore, unopened runed door.
No reachable target in view!
You open the door. You slash Crazy Yiuf!
Your weapon exudes an aura of protection.
Crazy Yiuf is severely wounded.
Crazy Yiuf closely misses you.
Crazy Yiuf yells, "Candle horse Orb Guardian!"
Crazy Yiuf closely misses you.
You closely miss Crazy Yiuf.
Crazy Yiuf is severely wounded.
Crazy Yiuf closely misses you.
You slash Crazy Yiuf!
You kill Crazy Yiuf!
There is an open translucent door, spattered with blood here.
Things that are here:
a +3 quarterstaff of chaos; a +0 cloak; the gnoll corpse of Crazy Yiuf
As you read the scroll labelled ZICLIS JEVUOQO, it crumbles to dust.
You hear the tinkle of a tiny bell.
It was a scroll of butterflies.
As you read the scroll of identify, it crumbles to dust.
g - 3 potions of heal wounds
As you read the scroll of identify, it crumbles to dust.
i - a potion of resistance Save game and exit?
Welcome back, hikkokomori the Formicid Fighter.
Game seed: 7827810942158885341 (custom seed) Press ? for a list of commands and other information.
Save game and exit?
Welcome back, hikkokomori the Formicid Fighter.
Game seed: 7827810942158885341 (custom seed) Press ? for a list of commands and other information.
Are you sure you want to abandon this character and quit the game? (Confirm with "yes".)

# ♣....♣
#....)..#
# ♣...♣♣
######.##
# ♣♣.♣♣
######.#
# ♣.♣♣
#....#.#
# ♣♣.♣
####.#.#
# ♣.♣♣
####.#.#
# ♣♣b♣
#....#.#
# ##b##
#......#
# #b@b#
###..###


#bbb# #...# #bbb# #...# ##### #.)## #..# ####..####### #...........#
####..#####.# #..# #.# There were no monsters in sight!

Vanquished Creatures
  A scorpion (D:3)
  Crazy Yiuf (D:3)
  A gnoll (D:1)
  9 adders
  A worm (D:3)
  4 dart slugs
  An orc (D:3)
  5 bats
  4 endoplasms
  5 giant cockroaches
  9 goblins
  7 hobgoblins
  3 jackals (D:1)
  9 kobolds
  5 quokkas
  3 ball pythons
  3 frilled lizards (D:1)
  3 rats (D:1)
74 creatures vanquished.

Notes
Turn   | Place    | Note
-------+----------+-------------------------------------------
     0 | D:1      | hikkokomori the Formicid Fighter began the quest for the
                  | Orb.
     0 | D:1      | Reached XP level 1. HP: 18/18 MP: 1/1
   202 | D:1      | Found Wakoq's Weapon Shoppe.
   211 | D:1      | Reached XP level 2. HP: 20/24 MP: 2/2
   873 | D:1      | Found a faded altar of an unknown god.
   904 | D:1      | Reached XP level 3. HP: 29/29 MP: 3/3
  1371 | D:1      | Reached XP level 4. HP: 37/37 MP: 4/4
  2374 | D:2      | Reached XP level 5. HP: 36/42 MP: 5/5
  2900 | D:3      | Reached skill level 5 in Shields
  2911 | D:3      | Reached XP level 6. HP: 46/49 MP: 6/6
  2988 | D:3      | Found a runed translucent door.
  2989 | D:3      | Noticed Crazy Yiuf
  3510 | D:3      | Killed Crazy Yiuf
  3516 | D:3      | Quit the game

Illustrated notes

Levels and vault maps discovered:
D:1:      lightli_iron_boxes, layout_basic, serial_shops, nicolae_shop_stone,
          ebering_ecumenical_altar_sacrificial, grunt_decor_cap,
          hangedman_decor_slide_cut
D:2:      layout_basic, kennysheep_boxes
D:3:      layout_loops_ring, hangedman_decor_clover_reticule,
          uniq_crazy_yiuf_cottage

Skill      XL: |  1  2  3  4  5 |
---------------+----------------+-----
Armour         | 4 |  4.7
Fighting       | 4 |  4.6
Axes           | 3 |  3.5
Shields        | 5 |  5.5

Action                   |  1- 3 |  4- 6 || total
-------------------------+-------+-------++-------
Melee: War axe           |   105 |   135 ||   240
  Use: Scroll            |       |    10 ||    10
Armor: Scale mail        |    48 |    64 ||   112
Dodge: Dodged            |    55 |    71 ||   126
Block: Buckler           |    18 |    46 ||    64
